 Dungeon Crawl Stone Soup version 0.31-a0-819-gf6de2f5ab6 (webtiles) character file.

Game seed: 5843772764608110785

8412 qw the Skirmisher (level 11, -16/71 HPs)
             Began as a Gargoyle Hunter on Sept 23, 2023.
             Was a Priest of Okawaru.
             Killed from afar by an oklob plant (17 damage)
             ... with a splash of acid
             ... on level 1 of the Lair of Beasts.
             The game lasted 00:03:38 (7748 turns).

qw the Skirmisher (Gargoyle Hunter)                 Turns: 7748, Time: 00:03:38

Health: -16/71     AC: 26    Str: 15    XL:     11   Next: 30%
Magic:  14/15      EV: 17    Int: 10    God:    Okawaru [***...]
Gold:   281        SH:  0    Dex: 21    Spells: 10/10 levels left

rFire   . . .        i - +0 orcbow (heavy)
rCold   + . .        (shield currently unavailable)
rNeg    + . .        p - +1 ring mail {rC+}
rPois   inf          l - +0 helmet
rElec   +            n - +2 cloak
rCorr   .            (no gloves)
SInv    .            d - +0 pair of boots
Will    .....        (no amulet)
Stlth   +++          c - +6 ring of dexterity
HPRegen 0.31/turn    m - +4 ring of protection
MPRegen 0.14/turn

%: no passive effects
@: about to teleport, heroic
A: sickness immunity, AC +8, negative energy resistance 1, electricity
resistance, torment resistance 1, petrification resistance, clumsy 1, high MP 1,
MP-powered wands
a: Renounce Religion, Heroism


You were on level 1 of the Lair of Beasts.
You worshipped Okawaru.
Okawaru was most pleased with you.
You visited 3 branches of the dungeon, and saw 11 of its levels.

You collected 425 gold pieces.
You spent 144 gold pieces at shops.


Innate Abilities, Weirdness & Mutations

You are immune to sickness and miasma.
Your stone body is resilient. (AC +8)
You are immune to poison.
You resist negative energy. (rN+)
You are resistant to electric shocks. (rElec)
You are resistant to unholy torment.
You are immune to petrification.
You are clumsy. (Dex -2)
You have an increased reservoir of magic. (+10% MP)
You expend magic power (3 MP) to strengthen your wands.


   Skills:
 - Level 9.1(14.1) Fighting
 + Level 13.7(18.7) Ranged Weapons
 - Level 5.1(10.1) Armour
 - Level 4.0(9.0) Dodging
 - Level 1.1(6.1) Stealth
 - Level 4.0 Invocations


You had 10 spell levels left.
You didn't know any spells.
Your spell library was empty.

Inventory:

Hand Weapons
 i - a +0 heavy orcbow (weapon)
Armour
 d - a +0 pair of boots (worn)
 l - a +0 helmet (worn)
 n - a +2 cloak (worn)
 p - a +1 ring mail of cold resistance (worn)
 t - a +0 leather armour of willpower
Jewellery
 c - a +6 ring of dexterity (left hand)
 m - a +4 ring of protection (right hand)
 q - a ring of fire
Scrolls
 e - a scroll of identify
Potions
 b - 5 potions of curing
 f - 2 potions of heal wounds
 g - 2 potions of haste
 h - 2 potions of cancellation
 j - a potion of might
 k - a potion of mutation
 o - 2 potions of enlightenment
 u - a potion of resistance

Dungeon Overview and Level Annotations

Branches:
Dungeon (9/15)             Temple (1/1) D:4            Lair (1/5) D:9
    Orc: D:9-12

Altars:
Ashenzari
Cheibriados
Dithmenos
Elyvilon
Fedhas
Gozag
Hepliaklqana
Kikubaaqudgha
Makhleb
Nemelex Xobeh
Okawaru
Qazlal
Ru
Sif Muna
Trog
Uskayaw
Vehumet
Wu Jian
Xom
Yredelemnul
Zin
The Shining One

Shops:
D:1 ?   D:4 =**[

Portals:
Abyss: D:4

Annotations:
D:4 2 transporters, qw's ghost, amateur GrHu


Message History

7743 |||
Found retreat position at 2,-3 (shallow_water) with 0 blocking monsters and 1 monsters attacking at destination at distance 3
7743 ||| READING 2 scrolls of teleportation.
As you read the scroll of teleportation, it crumbles to dust.
You feel strangely unstable. The bullfrog closely misses you.
The death yak barely misses you.
The bullfrog hits you but does no damage.
The death yak gores you.
7744 |||
Found retreat position at 2,-3 (shallow_water) with 0 blocking monsters and 1 monsters attacking at destination at distance 3
7744 ||| DRINKING 3 potions of heal wounds.
You feel much better. The bullfrog completely misses you.
The death yak gores you but does no damage.
The death yak closely misses you.
7745 |||
Found retreat position at 2,-3 (shallow_water) with 0 blocking monsters and 1 monsters attacking at destination at distance 3 You shoot an arrow.
The arrow hits the death yak!
The death yak is lightly wounded.
The bullfrog completely misses you.
The death yak gores you but does no damage.
The bullfrog hits you but does no damage.
The death yak gores you but does no damage.
7746 |||
Found retreat position at 2,-3 (shallow_water) with 0 blocking monsters and 1 monsters attacking at destination at distance 3 You shoot an arrow.
The arrow hits the death yak!
The death yak is moderately wounded.
Your surroundings suddenly seem different.
A floating eye and 4 oklob plants come into view.
Found a falchion, a shortbow and a robe.
Found an escape hatch in the floor.
You shoot an arrow. The arrow hits the oklob plant!
The oklob plant is moderately damaged.
The floating eye turns its gaze towards you.
The oklob plant spits acid at you. The splash of acid hits you!
The oklob plant spits acid at you. The splash of acid hits you!!
7748 ||| READING scroll of teleportation.
As you read the scroll of teleportation, it crumbles to dust.
You feel strangely unstable. The oklob plant spits acid at you.
The splash of acid hits you!
You die...

.......PPPPP.
......P..PPP
#.....P)[.>P
#....PPP.)PP
#......PGPP.
#......PPP..
#...........
#..@.......
#..........
####.......
.#...P#
....### ##P.#
. # #


You could see 4 oklob plants and a floating eye.

Vanquished Creatures
  2 death yaks (Lair:1)
  Pikel (D:7)
  Joseph (D:7)
  Psyche (D:8)
  Prince Ribbit (D:5)
  Grinder (D:5)
  6 yaks (D:9)
  A wyvern (D:7)
  A steam dragon (D:9)
  Grum (D:9)
  Menkaure (D:6)
  A water moccasin (D:5)
  6 orc warriors
  3 ice beasts
  2 black bears (D:5)
  3 ogres
  6 centaurs
  3 wolves (D:9)
  2 lemures (D:7)
  2 kobold brigands
  3 bullfrogs
  2 scorpions
  2 gnoll sergeants
  8 wights
  6 killer bees (D:8)
  2 howler monkeys (D:8)
  A gnoll bouda (D:5)
  7 orc priests
  3 hounds
  A sleepcap (D:5)
  Jessica (D:2)
  8 iguanas
  5 orc wizards
  11 gnolls
  6 adders
  2 shadow imps
  3 ufetubi (D:5)
  4 worms
  5 dart slugs
  45 orcs
  6 bats
  9 endoplasms
  A giant cockroach (D:4)
  7 goblins
  8 hobgoblins
  11 jackals
  23 kobolds
  7 quokkas
  7 ball pythons
  2 frilled lizards (D:3)
  6 rats
257 creatures vanquished.

Notes
Turn   | Place    | Note
-------+----------+-------------------------------------------
     0 | D:1      | qw the Gargoyle Hunter began the quest for the Orb.
     0 | D:1      | Reached XP level 1. HP: 12/12 MP: 1/1
     0 | D:1      | 0 ||| qw: Version: 0.3-a-83-gcd0e7d8
     0 | D:1      | 0 ||| qw: Game counter: 1366
     0 | D:1      | 0 ||| qw: Melee chars always use a shield: true
     0 | D:1      | 0 ||| qw: God list: Okawaru
     0 | D:1      | 0 ||| qw: Allow faded altars: false
     0 | D:1      | 0 ||| qw: Do Orc after clearing Dungeon:15 true
     0 | D:1      | 0 ||| qw: Do second Lair branch before Depths: true
     0 | D:1      | 0 ||| qw: Lair rune preference: random
     0 | D:1      | 0 ||| qw: Goals: Normal
     0 | D:1      | 0 ||| PLANNING D:1-11
    63 | D:1      | Reached XP level 2. HP: 6/17 MP: 2/2
   213 | D:1      | Found Xeciteul's Magic Scroll Shop.
   215 | D:1      | 215 ||| SHOPLISTING 2 scrolls of teleportation (84 gold,
                  | have 6).
   215 | D:1      | 215 ||| SHOPLISTING scroll of brand weapon (133 gold, have
                  | 6).
   325 | D:1      | Reached XP level 3. HP: 21/21 MP: 3/3
   331 | D:1      | Reached skill level 5 in Ranged Weapons
   457 | D:1      | Found a faded altar of an unknown god.
   901 | D:1      | 901 ||| UPGRADING to +0 cloak.
   906 | D:1      | 906 ||| UPGRADING to +4 ring of slaying {mikee}.
   907 | D:1      | 907 ||| READING scroll labelled VIEKU HEKA.
   908 | D:1      | 908 ||| READING scroll labelled BATIES UDI.
   909 | D:1      | 909 ||| DRINKING 2 grey potions.
   909 | D:1      | Gained mutation: You occasionally lose the ability to read
                  | scrolls when taking damage. [potion of mutation]
   909 | D:1      | Gained mutation: You are strong-willed. (Will+) [potion of
                  | mutation]
   909 | D:1      | Gained mutation: Armour fits poorly on your strangely
                  | shaped body. [potion of mutation]
   909 | D:1      | Gained mutation: You are partially covered in iridescent
                  | scales. (AC +2) [potion of mutation]
   910 | D:1      | 910 ||| DRINKING potion of mutation.
   910 | D:1      | Lost mutation: Armour fits poorly on your strangely shaped
                  | body. [potion of mutation]
   910 | D:1      | Lost mutation: You occasionally lose the ability to read
                  | scrolls when taking damage. [potion of mutation]
   910 | D:1      | Lost mutation: You are partially covered in iridescent
                  | scales. (AC +2) [potion of mutation]
   910 | D:1      | Gained mutation: You are frail. (-10% HP) [potion of
                  | mutation]
   910 | D:1      | Gained mutation: You have very sharp teeth. [potion of
                  | mutation]
   911 | D:1      | 911 ||| DROPPING scroll of butterflies.
   947 | D:2      | Noticed Jessica
   948 | D:2      | 948 ||| STAIRDANCE
   954 | D:2      | 954 ||| STAIRDANCE
   960 | D:1      | HP: 3/19 [frozen (5)]
  1030 | D:2      | 1030 ||| STAIRDANCE
  1068 | D:2      | Killed Jessica
  1069 | D:2      | Reached skill level 3 in Fighting
  1069 | D:2      | Reached XP level 4. HP: 25/25 MP: 4/4
  1152 | D:2      | 1152 ||| FLEEEEING.
  1153 | D:2      | 1153 ||| FLEEEEING.
  1154 | D:2      | 1154 ||| FLEEEEING.
  1219 | D:2      | Reached XP level 5. HP: 15/28 MP: 5/5
  1717 | D:2      | 1717 ||| UPGRADING to +0 helmet.
  1722 | D:2      | 1722 ||| UPGRADING to +4 ring of protection.
  1723 | D:2      | 1723 ||| READING 2 scrolls labelled UMA PECWURCH.
  1744 | D:2      | 1744 ||| READING scroll labelled MIBAFRULAAM.
  1745 | D:2      | 1745 ||| READING 2 scrolls labelled GUKLAM QASASS.
  1746 | D:2      | 1746 ||| READING 2 scrolls labelled ZIUTHU MEOGI.
  1747 | D:2      | 1747 ||| READING scroll of enchant weapon.
  1747 | D:2      | 1747 ||| ENCHANTING +1 shortbow.
  1748 | D:2      | 1748 ||| DRINKING 2 pink potions.
  1749 | D:2      | 1749 ||| DROPPING scroll of torment.
  1846 | D:3      | Found a shimmering blue altar of Sif Muna.
  1895 | D:3      | Found a blossoming altar of Fedhas.
  1908 | D:3      | Reached XP level 6. HP: 33/33 MP: 6/6
  1911 | D:3      | Reached skill level 6 in Ranged Weapons
  2337 | D:3      | 2337 ||| DRINKING potion of mutation.
  2337 | D:3      | Lost mutation: You are strong-willed. (Will+) [potion of
                  | mutation]
  2337 | D:3      | Lost mutation: You have very sharp teeth. [potion of
                  | mutation]
  2337 | D:3      | Lost mutation: You are frail. (-10% HP) [potion of
                  | mutation]
  2337 | D:3      | Gained mutation: You are clumsy. (Dex -2) [potion of
                  | mutation]
  2337 | D:3      | Gained mutation: You expend magic power (3 MP) to
                  | strengthen your wands. [potion of mutation]
  2337 | D:3      | Gained mutation: You have an increased reservoir of magic.
                  | (+10% MP) [potion of mutation]
  2399 | D:3      | 2399 ||| UPGRADING to +2 cloak.
  2409 | D:3      | 2409 ||| DROPPING +0 cloak.
  2410 | D:3      | 2410 ||| DROPPING amulet of magic regeneration.
  2411 | D:3      | 2411 ||| READING 3 scrolls labelled MAURUA ZURUW.
  2412 | D:3      | 2412 ||| READING scroll labelled XEPNIKL QAQELORR.
  2413 | D:3      | 2413 ||| READING scroll labelled USISHR BUSHRU.
  2416 | D:3      | 2416 ||| READING 2 scrolls of identify.
  2416 | D:3      | 2416 ||| IDENTIFYING fizzy clear potion
  2417 | D:3      | 2417 ||| DROPPING 2 scrolls of poison.
  2427 | D:4      | Found Runoetto's Assorted Antiques.
  2430 | D:4      | 2430 ||| STAIRDANCE
  2435 | D:4      | 2435 ||| SHOPLISTING potion of haste (240 gold, have 146).
  2435 | D:4      | 2435 ||| SHOPLISTING runed ring mail (168 gold, have 146).
  2435 | D:4      | 2435 ||| BUYING scroll of identify (48 gold).
  2435 | D:4      | Bought a scroll of identify for 48 gold pieces
  2435 | D:4      | 2435 ||| BUYING scroll of identify (48 gold).
  2435 | D:4      | Bought a scroll of identify for 48 gold pieces
  2435 | D:4      | 2435 ||| SHOPLISTING scroll of teleportation (72 gold, have
                  | 50).
  2435 | D:4      | 2435 ||| SHOPLISTING tourmaline ring (120 gold, have 50).
  2474 | D:4      | Found a one-way gate to the infinite horrors of the Abyss.
  2474 | D:4      | Noticed qw's ghost (amateur GrHu)
  2525 | D:4      | Found Faq Xasch's Antique Armour Emporium.
  2534 | D:4      | 2534 ||| SHOPLISTING embroidered robe (88 gold, have 50).
  2534 | D:4      | 2534 ||| SHOPLISTING pair of boots (108 gold, have 50).
  2534 | D:4      | 2534 ||| SHOPLISTING ring mail (96 gold, have 50).
  2534 | D:4      | 2534 ||| SHOPLISTING runed ring mail (168 gold, have 50).
  2608 | D:4      | 2608 ||| FLEEEEING.
  2609 | D:4      | 2609 ||| FLEEEEING.
  2610 | D:4      | 2610 ||| FLEEEEING.
  2611 | D:4      | 2611 ||| FLEEEEING.
  2612 | D:4      | 2612 ||| FLEEEEING.
  2613 | D:4      | 2613 ||| FLEEEEING.
  2614 | D:4      | 2614 ||| FLEEEEING.
  2615 | D:4      | 2615 ||| FLEEEEING.
  2615 | D:4      | Noticed a small abomination
  2616 | D:4      | 2616 ||| FLEEEEING.
  2619 | D:4      | 2619 ||| FLEEEEING.
  2620 | D:4      | 2620 ||| FLEEEEING.
  2621 | D:4      | 2621 ||| FLEEEEING.
  2622 | D:4      | 2622 ||| FLEEEEING.
  2623 | D:4      | 2623 ||| FLEEEEING.
  2688 | D:4      | 2688 ||| SWAPPING to +0 orcbow.
  2689 | D:4      | 2689 ||| DROPPING +2 shortbow.
  2820 | D:4      | Found a transporter.
  2879 | D:4      | Found a staircase to the Ecumenical Temple.
  2880 | D:4      | 2880 ||| PLANNING TEMPLE
  2882 | D:4      | 2882 ||| READING scroll labelled FUCEUKKY BEAHE.
  2883 | D:4      | 2883 ||| DRINKING 3 fuming brown potions.
  2884 | D:4      | 2884 ||| READING 3 scrolls of identify.
  2884 | D:4      | 2884 ||| IDENTIFYING blue potion
  2885 | D:4      | 2885 ||| READING 2 scrolls of identify.
  2885 | D:4      | 2885 ||| IDENTIFYING bubbling pink potion
  2886 | D:4      | 2886 ||| DROPPING potion of invisibility.
  2895 | Temple   | Entered the Ecumenical Temple
  2896 | Temple   | 2896 ||| PLANNING OKAWARU WORSHIP
  2903 | Temple   | Became a worshipper of Warmaster Okawaru
  2904 | Temple   | 2904 ||| PLANNING D:1-11
  2927 | D:4      | Found a glowing golden altar of the Shining One.
  2928 | D:4      | Found a stormy altar of Qazlal.
  2929 | D:4      | Found a white marble altar of Elyvilon.
  2932 | D:4      | Found a shadowy altar of Dithmenos.
  2957 | D:4      | Found Juwosots's Assorted Antiques.
  2971 | D:4      | 2971 ||| SHOPLISTING potion of haste (240 gold, have 78).
  2971 | D:4      | 2971 ||| SHOPLISTING potion of mutation (192 gold, have
                  | 78).
  2971 | D:4      | 2971 ||| BUYING scroll of identify (48 gold).
  2971 | D:4      | Bought a scroll of identify for 48 gold pieces
  3216 | D:4      | Reached skill level 7 in Ranged Weapons
  3220 | D:4      | Reached XP level 7. HP: 33/43 MP: 7/7
  3289 | D:4      | Found Bygys Qafatt's Jewellery Emporium.
  3298 | D:4      | 3298 ||| SHOPLISTING amulet of reflection (390 gold, have
                  | 30).
  3298 | D:4      | 3298 ||| SHOPLISTING amulet of regeneration (390 gold, have
                  | 30).
  3298 | D:4      | 3298 ||| SHOPLISTING ring of fire (325 gold, have 30).
  3373 | D:4      | Found a transporter.
  3471 | D:4      | 3471 ||| UPGRADING to +0 ring mail.
  3481 | D:4      | 3481 ||| DROPPING +0 leather armour.
  3482 | D:4      | 3482 ||| DROPPING ring of protection from cold.
  3483 | D:4      | 3483 ||| READING 2 scrolls of identify.
  3483 | D:4      | 3483 ||| IDENTIFYING sapphire potion
  3484 | D:4      | 3484 ||| DROPPING potion of brilliance.
  3539 | D:5      | Entered Level 5 of the Dungeon
  3575 | D:5      | 3575 ||| FLEEEEING.
  3577 | D:5      | 3577 ||| FLEEEEING.
  3578 | D:5      | 3578 ||| FLEEEEING.
  3579 | D:5      | 3579 ||| FLEEEEING.
  3580 | D:5      | 3580 ||| FLEEEEING.
  3581 | D:5      | 3581 ||| FLEEEEING.
  3583 | D:5      | 3583 ||| FLEEEEING.
  3584 | D:5      | 3584 ||| FLEEEEING.
  3585 | D:5      | 3585 ||| FLEEEEING.
  3586 | D:5      | 3586 ||| FLEEEEING.
  3587 | D:5      | 3587 ||| FLEEEEING.
  3588 | D:5      | 3588 ||| FLEEEEING.
  3589 | D:5      | 3589 ||| FLEEEEING.
  3590 | D:5      | 3590 ||| FLEEEEING.
  3591 | D:5      | 3591 ||| FLEEEEING.
  3592 | D:5      | 3592 ||| FLEEEEING.
  3593 | D:5      | 3593 ||| FLEEEEING.
  3594 | D:5      | 3594 ||| FLEEEEING.
  3595 | D:5      | 3595 ||| FLEEEEING.
  3596 | D:5      | 3596 ||| FLEEEEING.
  3597 | D:5      | 3597 ||| FLEEEEING.
  3598 | D:5      | 3598 ||| FLEEEEING.
  3599 | D:5      | 3599 ||| FLEEEEING.
  3600 | D:5      | 3600 ||| FLEEEEING.
  3671 | D:5      | Found a shimmering altar of Xom.
  3728 | D:5      | Reached skill level 8 in Ranged Weapons
  3752 | D:5      | Noticed Grinder
  3753 | D:5      | 3753 ||| RETREEAATING.
  3767 | D:5      | Killed Grinder
  3767 | D:5      | Reached * piety under Okawaru
  3768 | D:5      | Reached skill level 6 in Fighting
  3768 | D:5      | Reached XP level 8. HP: 45/51 MP: 8/8
  3925 | D:5      | Noticed Prince Ribbit
  3926 | D:5      | 3926 ||| INVOKING Heroism.
  3938 | D:5      | 3938 ||| INVOKING Heroism.
  3948 | D:5      | Killed Prince Ribbit
  4058 | D:5      | 4058 ||| INVOKING Heroism.
  4064 | D:5      | Reached skill level 9 in Ranged Weapons
  4064 | D:5      | Reached skill level 1 in Invocations
  4115 | D:5      | 4115 ||| INVOKING Heroism.
  4116 | D:5      | 4116 ||| RETREEAATING.
  4120 | D:5      | 4120 ||| Stepping ~*~*~tactically~*~*~ (retreating).
  4124 | D:5      | 4124 ||| Stepping ~*~*~tactically~*~*~ (retreating).
  4134 | D:5      | 4134 ||| INVOKING Heroism.
  4136 | D:5      | HP: 10/51 [gnoll/+3 spear[a gnoll bouda] (8)]
  4470 | D:5      | 4470 ||| SWAPPING to +0 heavy orcbow.
  4471 | D:5      | 4471 ||| DROPPING +0 orcbow.
  4667 | D:5      | 4667 ||| UPGRADING to +0 pair of boots.
  4672 | D:5      | 4672 ||| UPGRADING to +6 ring of dexterity.
  4674 | D:5      | 4674 ||| DROPPING +4 ring of slaying {mikee}.
  4675 | D:5      | 4675 ||| READING scroll labelled UBOCHOMMOUS.
  4790 | D:6      | Reached skill level 3 in Armour
  4804 | D:6      | Reached XP level 9. HP: 55/55 MP: 11/11
  4847 | D:6      | 4847 ||| INVOKING Heroism.
  4860 | D:6      | Reached skill level 3 in Dodging
  4944 | D:6      | Reached skill level 3 in Invocations
  5115 | D:6      | Noticed Menkaure
  5116 | D:6      | 5116 ||| INVOKING Heroism.
  5120 | D:6      | Killed Menkaure
  5121 | D:6      | Reached skill level 10 in Ranged Weapons
  5245 | D:6      | 5245 ||| UPGRADING to +1 ring mail of cold resistance.
  5255 | D:6      | 5255 ||| DROPPING +0 ring mail.
  5302 | D:7      | 5302 ||| STAIRDANCE
  5307 | D:7      | 5307 ||| STAIRDANCE
  5319 | D:7      | 5319 ||| STAIRDANCE
  5333 | D:7      | 5333 ||| Stepping ~*~*~tactically~*~*~ (retreating).
  5334 | D:7      | 5334 ||| Stepping ~*~*~tactically~*~*~ (retreating).
  5335 | D:7      | 5335 ||| Stepping ~*~*~tactically~*~*~ (retreating).
  5336 | D:7      | 5336 ||| Stepping ~*~*~tactically~*~*~ (retreating).
  5337 | D:7      | 5337 ||| Stepping ~*~*~tactically~*~*~ (retreating).
  5347 | D:7      | 5347 ||| INVOKING Heroism.
  5457 | D:7      | Noticed Pikel
  5458 | D:7      | 5458 ||| RETREEAATING.
  5459 | D:7      | 5459 ||| STILL RETREEAATING.
  5460 | D:7      | 5460 ||| STILL RETREEAATING.
  5461 | D:7      | 5461 ||| STILL RETREEAATING.
  5462 | D:7      | 5462 ||| STILL RETREEAATING.
  5463 | D:7      | 5463 ||| STILL RETREEAATING.
  5464 | D:7      | 5464 ||| STILL RETREEAATING.
  5465 | D:7      | 5465 ||| INVOKING Heroism.
  5474 | D:7      | Noticed Joseph
  5475 | D:7      | 5475 ||| DRINKING 4 potions of cancellation.
  5478 | D:7      | 5478 ||| DRINKING 3 potions of cancellation.
  5479 | D:7      | Killed Pikel
  5491 | D:7      | 5491 ||| FLEEEEING.
  5492 | D:7      | 5492 ||| FLEEEEING.
  5493 | D:7      | 5493 ||| FLEEEEING.
  5494 | D:7      | 5494 ||| FLEEEEING.
  5495 | D:7      | 5495 ||| FLEEEEING.
  5496 | D:7      | 5496 ||| FLEEEEING.
  5497 | D:7      | 5497 ||| FLEEEEING.
  5498 | D:7      | 5498 ||| FLEEEEING.
  5499 | D:7      | 5499 ||| FLEEEEING.
  5517 | D:7      | Killed Joseph
  5518 | D:7      | Reached skill level 11 in Ranged Weapons
  5518 | D:7      | Reached XP level 10. HP: 62/63 MP: 14/14
  5533 | D:7      | 5533 ||| INVOKING Heroism.
  5598 | D:7      | Reached ** piety under Okawaru
  5910 | D:7      | 5910 ||| READING 2 scrolls of identify.
  5910 | D:7      | 5910 ||| IDENTIFYING viscous puce potion
  5911 | D:7      | 5911 ||| DROPPING potion of lignification.
  5929 | D:8      | 5929 ||| STAIRDANCE
  5940 | D:8      | 5940 ||| STAIRDANCE
  5964 | D:8      | Noticed Psyche
  5965 | D:8      | 5965 ||| INVOKING Heroism.
  5966 | D:8      | Killed Psyche
  6087 | D:8      | Reached skill level 12 in Ranged Weapons
  6106 | D:8      | Found a hazy altar of Hepliaklqana.
  6157 | D:8      | 6157 ||| INVOKING Heroism.
  6479 | D:8      | 6479 ||| INVOKING Heroism.
  6695 | D:8      | 6695 ||| INVOKING Heroism.
  6780 | D:8      | 6780 ||| READING 2 scrolls of identify.
  6780 | D:8      | 6780 ||| IDENTIFYING cyan potion
  6886 | D:9      | Noticed Grum
  6887 | D:9      | 6887 ||| Stepping ~*~*~tactically~*~*~ (retreating).
  6889 | D:9      | 6889 ||| INVOKING Heroism.
  6893 | D:9      | Killed Grum
  6980 | D:9      | 6980 ||| INVOKING Heroism.
  7049 | D:9      | Reached skill level 13 in Ranged Weapons
  7108 | D:9      | 7108 ||| RETREEAATING.
  7110 | D:9      | 7110 ||| STILL RETREEAATING.
  7126 | D:9      | 7126 ||| INVOKING Heroism.
  7134 | D:9      | Reached XP level 11. HP: 50/69 MP: 13/15
  7136 | D:9      | Reached skill level 9 in Fighting
  7136 | D:9      | Reached *** piety under Okawaru
  7363 | D:9      | Found a staircase to the Lair.
  7449 | D:9      | 7449 ||| INVOKING Heroism.
  7671 | D:9      | 7671 ||| PLANNING LAIR
  7671 | D:9      | 7671 ||| DROPPING +1 hat.
  7672 | D:9      | 7672 ||| DRINKING 2 bubbling orange potions.
  7673 | D:9      | 7673 ||| READING 3 scrolls of identify.
  7673 | D:9      | 7673 ||| IDENTIFYING brown potion
  7674 | D:9      | 7674 ||| READING 2 scrolls of identify.
  7674 | D:9      | 7674 ||| IDENTIFYING dark potion
  7675 | D:9      | 7675 ||| DROPPING potion of ambrosia.
  7725 | Lair:1   | Entered Level 1 of the Lair of Beasts
  7725 | Lair:1   | Noticed a death yak
  7725 | Lair:1   | Noticed a death yak
  7725 | Lair:1   | Noticed a death yak
  7725 | Lair:1   | Noticed a death yak
  7726 | Lair:1   | 7726 ||| RETREEAATING.
  7726 | Lair:1   | Noticed a death yak
  7727 | Lair:1   | 7727 ||| STILL RETREEAATING.
  7728 | Lair:1   | 7728 ||| STILL RETREEAATING.
  7729 | Lair:1   | 7729 ||| INVOKING Heroism.
  7734 | Lair:1   | Killed a death yak
  7739 | Lair:1   | 7739 ||| INVOKING Heroism.
  7742 | Lair:1   | Killed a death yak
  7742 | Lair:1   | HP: 5/71 [death yak (18)]
  7743 | Lair:1   | 7743 ||| READING 2 scrolls of teleportation.
  7743 | Lair:1   | HP: 2/71 [death yak (3)]
  7744 | Lair:1   | 7744 ||| DRINKING 3 potions of heal wounds.
  7746 | Lair:1   | Noticed an oklob plant
  7746 | Lair:1   | Noticed an oklob plant
  7746 | Lair:1   | Noticed an oklob plant
  7746 | Lair:1   | Noticed an oklob plant
  7748 | Lair:1   | 7748 ||| READING scroll of teleportation.
  7748 | Lair:1   | Killed from afar by an oklob plant

Levels and vault maps discovered:
D:1:      grunt_arrival_crossed_arrows, layout_basic, serial_shops,
          nicolae_shop_trees, shapermc_ecumenical_altar_ellora,
          minmay_misc_feat_iff
D:2:      layout_rooms, serial_aquarium, aquarium_bridge_long_joined
          [aquarium_subvault_balcony, aquarium_subvault_wall,
          aquarium_subvault_bridge, aquarium_subvault_bridge,
          aquarium_subvault_window, aquarium_subvault_wall],
          aquarium_window_corridor_3, aquarium_window_fake, aquarium_view_2e,
          aquarium_pool_1, dreamdust_princess_corridor, dk_noncrumbling_4,
          minmay_close_crescents, uniq_jessica
D:3:      layout_loops_ring, fedhas_altar_3, kennysheep_orc_sif_temple,
          minmay_curled_crystal, supply_closet_lemuel
D:4:      layout_cave_pods, minitemple, minmay_temple_entry_overgrown,
          gammafunk_ghost_abyssal_escape, serial_shops, nicolae_stop_n_shop_2,
          shop, shop, nicolae_shop_tiny_glass, minmay_manual_monstrance
D:5:      layout_basic, xom_teletrap_fun, kennysheep_doodads, minmay_between,
          uniq_grinder, uniq_prince_ribbit1
D:6:      layout_rooms, uniq_menkaure
D:7:      layout_cave_pools, minmay_misc_feat_pillars, amcnicky_mini_pool_small,
          uniq_pikel, uniq_joseph
D:8:      layout_loops_ring, nicolae_hepliaklqana_hippocampus, uniq_psyche
D:9:      layout_loops_ring, lair_entry_dummy, minivault_1, uniq_grum
Temple:   nicolae_temple_two_arcs
Lair:1:   layout_cave_pods, disabler_island, serial_bayou_shore_a,
          infiniplex_staircase_pool_2, lemuel_fruit_tree, uniq_amaemon,
          uniq_gastronok

Skill      XL: |  1  2  3  4  5  6  7  8  9 10 11 |
---------------+----------------------------------+-----
Ranged Weapons | 5 7 8 9 11 13 | 13.7
Fighting       | 3 4 6 7 8 9 |  9.1
Armour         | 2 3 4 5 |  5.1
Invocations    | 2 4 |  4.0
Dodging        | 2 3 4 |  4.0
Stealth        | |  1.1

Action                     |  1- 3 |  4- 6 |  7- 9 | 10-12 || total
---------------------------+-------+-------+-------+-------++-------
   Fire: Shortbow          |   113 |   139 |       |       ||   252
         Orcbow            |       |    55 |   225 |   236 ||   516
 Invoke: Heroism           |       |       |     9 |    11 ||    20
    Use: Scroll            |     2 |    12 |     2 |     6 ||    22
         Potion            |     2 |     3 |     2 |     2 ||     9
 Armour: Leather armour    |    50 |    37 |       |       ||    87
         Ring mail         |       |       |    66 |   132 ||   198
  Dodge: Dodged            |    49 |    38 |    78 |   152 ||   317

Table legend:
 A = Non-vault XP
 B = Vault XP
 C = Vault XP percentage of total XP
 D = Non-vault monster count
 E = Vault monster count
 F = Vault count percentage of total count
                 A         B        C        D         E       F
            +---------+---------+-------+---------+---------+-------
      Total |    8862 |    3156 |  26.3 |     227 |      28 |  11.0
            +---------+---------+-------+---------+---------+-------
        D:1 |      67 |       0 |   0.0 |      35 |       0 |   0.0
        D:2 |      54 |      62 |  53.4 |      15 |       7 |  31.8
        D:3 |     119 |      38 |  24.2 |      19 |       2 |   9.5
        D:4 |     196 |     167 |  46.0 |      30 |       5 |  14.3
        D:5 |     780 |     695 |  47.1 |      20 |       6 |  23.1
        D:6 |     973 |     172 |  15.0 |      22 |       1 |   4.3
        D:7 |    1191 |    1117 |  48.4 |      25 |       2 |   7.4
        D:8 |    1438 |     383 |  21.0 |      32 |       1 |   3.0
        D:9 |    2426 |     522 |  17.7 |      27 |       4 |  12.9
     Lair:1 |    1618 |       0 |   0.0 |       2 |       0 |   0.0
            +---------+---------+-------+---------+---------+-------
